 Dungeon Crawl Stone Soup version 0.30.1-4-g462c640d31 (webtiles) character file.

Game seed: 15604252197679044206

3454 lonewolfV2 the Cleaver (level 9, -6/69 HPs)
             Began as a Demonspawn Fighter on Aug 25, 2023.
             Mangled by a two-headed ogre
             ... wielding a +0 dire flail
              (14 damage)
             ... on level 8 of the Dungeon.
             The game lasted 00:11:28 (7239 turns).

lonewolfV2 the Cleaver (Demonspawn Fighter)         Turns: 7239, Time: 00:11:29

Health: -6/69      AC: 11    Str: 25    XL:     9   Next: 78%
Magic:  9/9        EV: 11    Int: 19    God:
Gold:   466        SH:  5    Dex: 14    Spells: 8/8 levels left

rFire   . . .        f - +7 hand axe "Arcanum" {drain, Fly Str+4 Int+3 Dex+2}
rCold   + + .        c - +0 buckler
rNeg    . . .        b - +0 scale mail
rPois   .            (helmet restricted)
rElec   .            (no cloak)
rCorr   .            (no gloves)
SInv    .            (no boots)
Will    .....        g - amulet of faith Stlth
                     i - ring of protection from cold
HPRegen 0.31/turn    j - +6 ring of intelligence
MPRegen 0.11/turn

%: faith
@: flying
A: antennae 1, icy blue scales 3, spiny 1
a: no special abilities


You were on level 8 of the Dungeon.
You visited 2 branches of the dungeon, and saw 9 of its levels.
You also visited: Sewer.

You collected 466 gold pieces.

Inventory:

Hand Weapons
 a - a +0 war axe
 f - the +7 hand axe "Arcanum" (weapon) {drain, Fly Str+4 Int+3 Dex+2}
   (You found it on level 2 of the Dungeon)

   Str:       It affects your strength (+4).
   Int:       It affects your intelligence (+3).
   Dex:       It affects your dexterity (+2).
   Fly:       It grants you flight.
Armour
 b - a +0 scale mail (worn)
 c - a +0 buckler (worn)
Jewellery
 g - an amulet of faith (around neck)
 i - a ring of protection from cold (left hand)
 j - a +6 ring of intelligence (right hand)
Wands
 s - a wand of light (2)
 u - a wand of polymorph (14)
 C - a wand of roots (22)
Scrolls
 e - 3 scrolls of magic mapping
 n - a scroll of butterflies
 p - a scroll of identify
 r - 2 scrolls of amnesia
 t - 3 scrolls of brand weapon {unknown}
 v - 3 scrolls of teleportation
 y - 2 scrolls of blinking
 B - 2 scrolls of fear
Potions
 d - 2 potions of might
 h - a potion of lignification
 k - 3 potions of brilliance
 l - 2 potions of heal wounds
 m - 4 potions of curing
 o - a potion of degeneration
 q - 3 potions of flight
 w - a potion of magic
 x - a potion of resistance
 z - a potion of invisibility {unknown}
 A - 2 potions of haste


   Skills:
 + Level 5.9 Fighting
 + Level 8.1 Axes
 + Level 6.8 Armour
 + Level 3.9 Dodging
 + Level 1.3 Stealth
 + Level 5.2 Shields


You had 8 spell levels left.
You didn't know any spells.
Your spell library contained the following spells:

 Spells                   Type           Power      Damage    Failure   Level
 Shock                    Conj/Air       0%         1d3       45%         1
 Swiftness                Air            0%         N/A       83%         3
 Airstrike                Air            0%         2d(0-16)  99%         4


Dungeon Overview and Level Annotations

Branches:
Dungeon (8/15)             Temple (1/1) D:4           Sewer (visited)
   Lair: D:8-11

Altars:
Ashenzari
Cheibriados
Dithmenos
Fedhas
Hepliaklqana
Kikubaaqudgha
Nemelex Xobeh
Okawaru
Qazlal
Ru
Sif Muna
Trog
Uskayaw
Vehumet
Wu Jian
Xom
Yredelemnul


Innate Abilities, Weirdness & Mutations

You have a pair of small antennae on your head.
You are completely covered in icy blue scales. (AC +4, rC+)
You are partially covered in sharp spines.


Message History

Things that are here:
a +0 long sword; a boomerang; a +0 chain mail
Things that are here:
a +0 long sword; a boomerang; a +0 chain mail
There is an open door, spattered with blood here.
Things that are here:
a +0 flail; an orc corpse You sense a monster nearby.
An orc comes into view. It is wielding a +0 short sword.
Found a stone staircase leading down.
The orc shouts!
The orc is struck by your spines.
You kill the orc!
Things that are here:
a +0 short sword; an orc corpse
Things that are here:
a +0 short sword; an orc corpse
Found a dagger.
t - 3 scrolls labelled BEJOAG FUNASOM A two-headed ogre comes into view.
It is wielding a +0 dire flail and a +0 giant club.
The two-headed ogre shouts in stereo!
Found 13 gold pieces.
The two-headed ogre is struck by your spines.
The two-headed ogre hits you with a +0 dire flail!!
The two-headed ogre closely misses you.
You slash the two-headed ogre! You drain the two-headed ogre.
The two-headed ogre is moderately wounded.
The two-headed ogre hits you with a +0 dire flail!
The two-headed ogre hits you with a +0 giant club!
You slash the two-headed ogre!
The two-headed ogre is heavily wounded.
You slash the two-headed ogre!
The two-headed ogre is severely wounded.
The two-headed ogre barely misses you.
The two-headed ogre hits you with a +0 giant club!!
* * * LOW HITPOINT WARNING * * *
You hit the two-headed ogre.
The two-headed ogre is almost dead.
The two-headed ogre hits you with a +0 dire flail!
You die...

##.##.#######.#. #$.
##...........#.#. #..
#...##.####....## ##..
#................
##...##...##.####...#.#
##...).#...##)#####.##.#
#...................##.#
.......>..#########.##.#
......O@..# #.##.#
..........#########.##.#
#...................##.#
##.....#.############
##...##.# #### #.# #..
#.# #..


You could see a two-headed ogre (drained).

Vanquished Creatures
  Pikel (D:7)
  A kobold demonologist (D:6)
  A hornet (D:7)
  Sigmund (D:3)
  A steam dragon (D:7)
  2 orc warriors (D:8)
  2 sky beasts (D:7)
  A black bear (D:7)
  An ogre (D:4)
  A lemure (D:7)
  3 kobold brigands
  3 bullfrogs
  2 scorpions
  5 wights (D:6)
  An electric eel (D:8)
  A howler monkey (D:7)
  2 jellies (D:6)
  4 hounds
  An orc priest (D:7)
  2 gnoll boudas
  Jessica (D:3)
  An iguana (D:6)
  6 orc wizards
  Natasha (thrice) (D:3)
  11 adders
  6 gnolls
  5 river rats (Sewer)
  A shadow imp (D:5)
  2 white imps
  An ufetubus (D:5)
  8 worms
  4 dart slugs
  19 orcs
  9 ball pythons
  4 endoplasms
  3 giant cockroaches
  6 goblins
  A hobgoblin (D:2)
  3 jackals (Sewer)
  3 bats (D:1)
  3 frilled lizards
  14 kobolds
  9 rats
159 creatures vanquished.

Vanquished Creatures (others)
  An orc wizard (D:6)
1 creature vanquished.

Grand Total: 160 creatures vanquished

Notes
Turn   | Place    | Note
-------+----------+-------------------------------------------
     0 | D:1      | lonewolfV2 the Demonspawn Fighter began the quest for the
                  | Orb.
     0 | D:1      | Reached XP level 1. HP: 18/18 MP: 1/1
    95 | D:1      | You fall into a shaft and drop 1 floor!
   157 | D:2      | Gained mutation: You are partially covered in icy blue
                  | scales. (AC +2) [demonic ancestry]
   157 | D:2      | Reached XP level 2. HP: 24/24 MP: 2/2
   354 | D:1      | Reached skill level 2 in Axes
   436 | D:1      | Reached XP level 3. HP: 26/29 MP: 3/3
  1385 | D:2      | Identified the +7 hand axe "Arcanum" {drain, Fly Str+4
                  | Int+3 Dex+2}
  1408 | D:2      | Gained mutation: You have a pair of small antennae on your
                  | head. [demonic ancestry]
  1408 | D:2      | Reached XP level 4. HP: 25/35 MP: 4/4
  1617 | D:3      | Noticed Jessica
  1629 | D:3      | Killed Jessica
  1630 | D:3      | Reached skill level 3 in Axes
  1704 | D:3      | Noticed Natasha
  1710 | D:3      | Killed Natasha
  1723 | D:3      | Gained mutation: You are mostly covered in icy blue scales.
                  | (AC +3) [demonic ancestry]
  1723 | D:3      | Reached XP level 5. HP: 37/41 MP: 5/5
  1805 | D:3      | Found a hazy altar of Hepliaklqana.
  2018 | D:3      | Noticed Natasha
  2025 | D:3      | Killed Natasha
  2057 | D:3      | Noticed Sigmund
  2063 | D:3      | Killed Sigmund
  2064 | D:3      | Reached skill level 4 in Axes
  2064 | D:3      | Reached skill level 1 in Dodging
  2064 | D:3      | Gained mutation: You are partially covered in sharp spines.
                  | [demonic ancestry]
  2064 | D:3      | Reached XP level 6. HP: 48/48 MP: 6/6
  2098 | D:3      | Noticed Natasha
  2104 | D:3      | Killed Natasha
  3212 | D:4      | Found a staircase to the Ecumenical Temple.
  3246 | Temple   | Entered the Ecumenical Temple
  3496 | D:5      | Entered Level 5 of the Dungeon
  3553 | D:5      | Reached XP level 7. HP: 31/53 MP: 7/7
  3597 | D:5      | Reached skill level 5 in Axes
  3653 | D:5      | Found a glowing drain.
  3659 | Sewer    | Entered a sewer
  3856 | Sewer    | Reached skill level 1 in Stealth
  4601 | D:6      | Noticed a kobold demonologist
  4614 | D:6      | Killed a kobold demonologist
  4615 | D:6      | Reached skill level 6 in Axes
  4615 | D:6      | Reached skill level 5 in Armour
  4615 | D:6      | Gained mutation: You are completely covered in icy blue
                  | scales. (AC +4, rC+) [demonic ancestry]
  4615 | D:6      | Reached XP level 8. HP: 57/61 MP: 8/8
  4647 | D:6      | HP: 2/55 [wight/+0 long sword (2)]
  5112 | D:6      | Found a shimmering blue altar of Sif Muna.
  5539 | D:6      | Reached skill level 5 in Fighting
  5720 | D:7      | Noticed Pikel
  5724 | D:7      | Killed Pikel
  5725 | D:7      | Reached skill level 7 in Axes
  5725 | D:7      | Reached XP level 9. HP: 53/68 MP: 9/9
  5822 | D:7      | Found a radiant altar of Vehumet.
  5871 | D:7      | Found a sacrificial altar of Ru.
  6843 | D:8      | Reached skill level 5 in Shields
  6864 | D:8      | Reached skill level 8 in Axes
  7230 | D:8      | Noticed a two-headed ogre
  7239 | D:8      | Mangled by a two-headed ogre

Illustrated notes

Levels and vault maps discovered:
D:1:      dpeg_arrival_castle, layout_rooms
D:2:      layout_basic
D:3:      layout_basic, nicolae_overflow_crystal_walls, nicolae_half_adder,
          uniq_natasha, uniq_jessica, uniq_sigmund
D:4:      layout_gridville, minmay_temple_entry_enclosed_plants
D:5:      layout_rooms, portal_sewer_entry_e, kennysheep_generic_room_8
D:6:      layout_gridville, gammafunk_temple_overflow_wave
D:7:      layout_basic, nicolae_ru_awakened_eye, nicolae_vehumet_radiance,
          grunt_decor_cap, uniq_pikel
D:8:      layout_loops_ring, nicolae_overflow_squiral, lightli_minifort
Temple:   regret_index_temple_waves

Skill      XL: |  1  2  3  4  5  6  7  8  9 |
---------------+----------------------------+-----
Shields        | 3 4 5 |  5.2
Axes           | 2 3 4 6 7 8 |  8.1
Armour         | 3 4 5 6 |  6.8
Dodging        | 1 2 3 |  3.9
Fighting       | 4 5 |  5.9
Stealth        | 1 |  1.3

Action                     |  1- 3 |  4- 6 |  7- 9 || total
---------------------------+-------+-------+-------++-------
  Melee: War axe           |   120 |       |       ||   120
         Hand axe          |       |    79 |   214 ||   293
    Use: Scroll            |     8 |     1 |    10 ||    19
         Potion            |       |       |     2 ||     2
 Armour: Scale mail        |    64 |    27 |   104 ||   195
  Dodge: Dodged            |    51 |    35 |   104 ||   190
  Block: Buckler           |    30 |    16 |    60 ||   106
